Map: Kairos Junction LE

Players

Parkkatz - Winner!

  • Race: Zerg Zerg
  • League: Platinum
  • Spawn Location: 11:00

JPinguino

  • Race: Zerg Zerg
  • League: Platinum
  • Spawn Location: 5:00

VOD

Have the link to the VOD?

Description

Time

  • Played on: July 4, 2019, 8:39 a.m.
  • Length: 10:37
Show
View Real Time Build Order
Export as new Build Order

Parkkatz Zerg - Winner!

Build Orders: Hatch First 

Get SALT Encoding   

  12  0:01  Drone  
  13  0:13  Overlord  
  13  0:21  Drone  
  14  0:32  Drone x2  
  16  0:35  Drone  
  17  0:46  Drone  
  18  0:58  Hatchery  
  18  1:01  Extractor  
  18  1:02  Drone  
  17  1:09  Drone  
  18  1:19  Spawning Pool  
  18  1:23  Drone  
  18  1:30  Drone  
  19  1:40  Overlord  
  19  2:10  Queen x2  
  19  2:11  Zergling x4  
  19  2:12  Zergling x2  
  19  2:14  Drone  
  27  2:16  Metabolic Boost  
  27  2:21  Drone  
  28  2:35  Drone x3  
  31  2:42  Overlord  
  31  2:46  Queen  
  33  2:52  Drone  
  34  2:59  Overlord  
  34  3:02  Drone  
  35  3:11  Drone x2  
  37  3:22  Drone x2  
  39  3:29  Roach Warren  
  39  3:30  Evolution Chamber  
  37  3:47  Drone x2  
  37  3:48  Drone x2, Overlord  
  41  3:55  Drone  
  42  3:57  Drone  
  42  3:59  Zerg Missile Weapons Level 1  
  43  4:07  Drone  
  44  4:12  Extractor  
  44  4:13  Drone x2  
  44  4:14  Drone, Extractor  
  44  4:16  Drone x3  
  48  4:18  Drone  
  49  4:39  Drone  
  49  4:40  Overlord  
  49  4:45  Lair  
  50  4:48  Zergling x14  
  56  5:02  Roach  
  56  5:03  Roach x3  
  56  5:06  Queen  
  66  5:16  Overlord  
  66  5:17  Overlord  
  66  5:39  Roach  
  66  5:40  Roach x7  
  82  5:43  Glial Reconstitution  
  82  5:53  Overlord x2  
  82  5:58  Zerg Missile Weapons Level 2  
  82  6:01  Ravager  
  83  6:15  Roach x6, Evolution Chamber  
  83  6:16  Roach  
  96  6:27  Roach x2  
  96  6:32  Spine Crawler  
  99  6:34  Drone, Spine Crawler, Extractor  
  100  6:40  Roach  
  100  6:43  Overlord x3  
  100  6:48  Zerg Ground Armor Level 1  
  100  6:55  Baneling Nest  
  100  6:56  Drone  
  100  6:57  Overlord  
  100  7:08  Drone x2  
  102  7:09  Roach  
  102  7:10  Roach x5  
  114  7:35  Hatchery  
  111  8:03  Roach x2  
  111  8:04  Roach x5  
  125  8:07  Ravager x4  
  125  8:09  Overlord x2  
  125  8:10  Overlord  
  129  8:16  Baneling x3  
  126  8:41  Drone x7  
  127  8:42  Drone x5  
  137  8:53  Overlord  
  137  8:54  Overlord x2  
  137  8:59  Drone x2  
  137  9:00  Drone, Queen  
  137  9:29  Overlord x2  
  135  9:42  Drone x3  
  135  9:44  Extractor  
  135  9:46  Extractor  
  134  9:59  Zergling x2  
  135  10:00  Zergling x32  
  147  10:15  Drone x4  
  147  10:16  Drone x2  
Show
View Real Time Build Order
Export as new Build Order

JPinguino Zerg 

Build Orders: Hatch First 

Get SALT Encoding   

  12  0:04  Drone  
  13  0:08  Drone  
  14  0:17  Overlord  
  14  0:35  Drone x2  
  16  0:37  Drone  
  17  0:56  Drone  
  18  0:57  Hatchery  
  18  0:59  Extractor  
  18  1:02  Drone  
  17  1:12  Drone  
  18  1:19  Spawning Pool  
  17  1:28  Drone  
  17  1:32  Drone  
  19  1:43  Overlord  
  19  1:53  Overlord  
  19  2:05  Drone, Queen  
  22  2:09  Queen  
  22  2:12  Zergling x2  
  25  2:17  Zergling x2  
  25  2:21  Metabolic Boost  
  26  2:30  Drone  
  26  2:31  Drone  
  26  2:35  Zergling x2  
  26  2:36  Zergling x2  
  30  2:43  Drone  
  31  2:53  Zergling x4  
  33  3:04  Baneling Nest  
  32  3:16  Roach Warren  
  31  3:26  Queen, Evolution Chamber  
  32  3:27  Drone  
  32  3:29  Evolution Chamber  
  32  3:36  Drone x4  
  32  3:37  Drone  
  37  3:53  Drone x5  
  42  3:57  Baneling x2  
  42  3:58  Baneling x3  
  42  4:01  Drone  
  43  4:05  Overlord  
  43  4:12  Drone  
  43  4:14  Overlord  
  44  4:18  Overlord  
  44  4:23  Drone  
  44  4:24  Drone  
  46  4:27  Lair  
  46  4:30  Drone x2  
  48  4:42  Drone x3  
  48  4:43  Drone x2  
  53  4:48  Extractor x2  
  51  4:55  Zerg Melee Weapons Level 1  
  51  5:01  Overlord  
  51  5:03  Overlord  
  51  5:11  Drone x3  
  51  5:12  Hatchery  
  53  5:21  Roach  
  53  5:22  Roach x5  
  65  5:35  Overlord  
  65  5:36  Overlord  
  65  5:45  Spine Crawler  
  64  5:57  Zerg Missile Weapons Level 1  
  64  6:00  Roach x2  
  64  6:01  Roach x6  
  80  6:13  Centrifical Hooks  
  79  6:20  Drone x5  
  79  6:25  Drone  
  85  6:55  Queen  
  85  6:56  Drone x2  
  85  6:57  Drone x6  
  85  6:58  Roach x3  
  101  7:16  Zergling x2  
  101  7:17  Zergling x6  
  105  7:36  Hydralisk Den  
  101  8:04  Drone x3  
  101  8:05  Drone  
  105  8:10  Hydralisk  
  105  8:11  Extractor  
  105  8:12  Extractor  
  105  8:13  Overlord x4  
  105  8:14  Drone, Overlord x3  
  105  8:15  Overlord x3  
  91  8:42  Drone x3  
  91  8:48  Roach x6  
  98  8:49  Roach x3  
  98  8:59  Roach x3  
  100  9:06  Roach x2  
  100  9:07  Roach  
  92  9:19  Roach x2  
  86  9:37  Hatchery  
  76  9:42  Roach x5  
  76  9:43  Roach x5  
  72  9:52  Drone  
  73  10:03  Roach x5  
  75  10:13  Spire  
  69  10:15  Extractor  
Tags
 
Add a new tag
Caveats
  • Supply blocks, unpowered buildings, or Contaminate may cause inaccurate times.
  • Supply counts are checked every 10 seconds.